 Dungeon Crawl Stone Soup version 0.14-a0-1817-gb992dfe (webtiles) character file.

368 ReteAZ the Firebug (level 5, -3/38 HPs)
             Began as a Demigod Fire Elementalist on Jan 9, 2014.
             Slain by Bikalo's ghost (17 damage)
             ... on Level 4 of the Dungeon.
             The game lasted 00:14:23 (2576 turns).

ReteAZ the Firebug (Demigod Fire Elementalist)      Turns: 2576, Time: 00:14:23

HP  -3/38        AC  6     Str 12      XL: 5   Next: 37%
MP  12/12        EV 11     Int 20      God:
Gold 147         SH  0     Dex 17      Spells:  2 memorised,  4 levels left

rFire  + . .     SeeInvis .     g - +0,+1 whip
rCold  . . .     Clarity  .     l - +2 elf leather armour
rNeg   + . .     Conserve .     (no shield)
rPois  .         rCorr    .     (no helmet)
rElec  .         rRot     .     (no cloak)
SustAb . .       Spirit   .     r - +0 pair of dwarf gloves
rMut   .         Warding  +     (no boots)
Saprov . . .     Stasis   .     m - amulet of warding
                                y - ring of protection from fire
                                u - ring of invisibility

@: about to teleport, slightly resistant to hostile enchantments, fairly
stealthy
A: no striking features
a: Evoke Invisibility


You were on level 4 of the Dungeon.
You were not hungry.

You visited 1 branch of the dungeon, and saw 5 of its levels.

You collected 147 gold pieces.

Inventory:

Hand weapons
 g - a +0,+1 whip (weapon)
Missiles
 q - 8 darts (quivered)
Armour
 a - a +0 robe
 l - a +2 elven leather armour (worn)
 r - a +0 pair of dwarven gloves (worn)
Comestibles
 c - 2 chunks of orc flesh
 w - a chunk of rat flesh
 z - a meat ration
 B - a rotting chunk of hound flesh
Scrolls
 f - a scroll of enchant weapon II
 j - 3 scrolls of identify
 n - 3 scrolls of remove curse
 o - 2 scrolls of fog
 x - a scroll of enchant weapon I {unknown}
Jewellery
 m - an amulet of warding (around neck)
 u - a ring of invisibility (left hand)
 y - a ring of protection from fire (right hand)
 A - an uncursed ring of protection from cold {unknown}
Potions
 i - a potion of lignification {unknown}
 k - 3 potions of curing
 p - a potion of cure mutation {unknown}
 s - 2 potions of magic {unknown}
 C - a potion of restore abilities {unknown}
Books
 b - a book of Flames

   Spells                             Type                      Level
   *Flame Tongue                      Conjuration/Fire             1
   Throw Flame                        Conjuration/Fire             2
   *Conjure Flame                     Conjuration/Fire             3
   Inner Flame                        Hexes/Fire                   3
   Sticky Flame                       Conjuration/Fire             4
   Fireball                           Conjuration/Fire             5


   Skills:
 - Level 1.7 Dodging
 - Level 1.7 Stealth
 - Level 2.0 Spellcasting
 - Level 2.0 Conjurations
 * Level 5.4 Fire Magic


You had 4 spell levels left.
You knew the following spells:

 Your Spells              Type           Power        Failure   Level  Hunger
a - Flame Tongue          Conj/Fire      ###..        3%          1    #......
b - Conjure Flame         Conj/Fire      ###.....     12%         3    ###....


Dungeon Overview and Level Annotations

Branches:
Dungeon (5/16)
 Temple: D:4-7

Annotations:
D:3 Sigmund
D:4 Bikalo's ghost, experienced OgHu


Message History

The creatures around you are filled with an inner flame!
It was a scroll of immolation.
Bikalo's ghost hits you!
Read which item? (? for menu, Esc to quit)
As you read the scroll labeled NIFRIMI NERGHU, it crumbles to dust.
Forget which spell ([?*] list [ESC] exit)?
Okay, then.
It was a scroll of amnesia.
Bikalo's ghost hits you but does no damage.
Drink which item? (? for menu, Esc to quit)
You feel better. Bikalo's ghost hits you!
Read which item? (? for menu, Esc to quit)
As you read the scroll labeled UROF JIJOMO, it crumbles to dust.
Use on which item? (\ to view known items) (? for menu, Esc to quit)
Nothing appears to happen.
Bikalo's ghost barely misses you.
Read which item? (? for menu, Esc to quit)
As you read the scroll labeled GUZ SAANEST, it crumbles to dust.
You feel strangely unstable.
It was a scroll of teleportation.
The worker ant waves its antennae.
Bikalo's ghost hits you!
You die...

##### . #.§§# #...
#§§§# #... #§§§#
#...####§§§###
#.....@pa§§§.
#...####...#### #...
#.......
....#...####...#####..
........>.............
.#####.######.####....
#.# #.# #.# #.# #.#
#.#


You could see a worker ant and Bikalo's ghost (inner flame).

Vanquished Creatures
  Blork the orc (D:4)
  A hound (D:4)
  A scorpion (D:4)
  4 gnolls (D:2)
  An adder (D:2)
  A worm (D:2)
  An orc (D:4)
  A bat zombie (D:2)
  4 giant cockroaches
  4 hobgoblins
  7 bats
  A giant gecko (D:3)
  3 giant newts
  8 goblins
  4 jackals (D:2)
  6 kobolds
  A quokka (D:4)
  4 rats
  3 rat zombies (D:2)
56 creatures vanquished.

Notes
Turn   | Place    | Note
--------------------------------------------------------------
     0 | D:1      | ReteAZ, the Demigod Fire Elementalist, began the quest for the Orb.
     0 | D:1      | Reached XP level 1. HP: 14/14 MP: 3/3
    81 | D:1      | Found a shattered altar of Ashenzari.
   178 | D:1      | Reached skill level 1 in Conjurations
   439 | D:1      | Reached skill level 3 in Fire Magic
   459 | D:1      | Reached XP level 2. HP: 20/20 MP: 1/5
  1038 | D:2      | Found a glowing silver altar of Zin.
  1187 | D:2      | Reached XP level 3. HP: 18/26 MP: 3/8
  1251 | D:2      | Learned a level 3 spell: Conjure Flame
  1492 | D:2      | Found a glowing golden altar of the Shining One.
  1612 | D:2      | Reached skill level 4 in Fire Magic
  1667 | D:2      | Reached XP level 4. HP: 33/33 MP: 6/10
  1676 | D:2      | Found an ancient bone altar of Kikubaaqudgha.
  2130 | D:3      | Noticed Sigmund
  2436 | D:4      | Noticed Blork the orc
  2469 | D:4      | Killed Blork the orc
  2469 | D:4      | Reached skill level 5 in Fire Magic
  2469 | D:4      | Reached XP level 5. HP: 19/38 MP: 0/12
  2471 | D:4      | Noticed Bikalo's ghost (experienced OgHu)
  2537 | D:5      | Entered Level 5 of the Dungeon
  2576 | D:4      | Slain by Bikalo's ghost

Action                   |  1- 3 |  4- 6 || total
-------------------------+-------+-------++-------
Melee: Whip              |    82 |    30 ||   112
       Unarmed           |     5 |       ||     5
Throw: Dart              |    11 |     1 ||    12
 Cast: Flame Tongue      |    52 |    36 ||    88
       Conjure Flame     |     3 |     5 ||     8
  Use: Scroll            |       |     9 ||     9
       Potion            |       |     3 ||     3
 Stab: Sleeping          |     1 |       ||     1
